Little Stars vs Marlies
Created - January 10, 2022 at 19:02
Goals
|
| Little Stars |
1 |
2 |
0 |
3 |
| Marlies |
0 |
3 |
2 |
5 |
|
Shots
|
| Little Stars |
5 |
10 |
10 |
25 |
| Marlies |
12 |
16 |
8 |
36 |
|
1st period
1. Little Stars , Ilya Mikheyev 9 (Jordan LaVallee 9, Daniel O'regan 16) at 3:01
Penalties :
Eric Knodel (Tex) for Hooking (Minor) at 9:02, Mathieu Olivier (Tor) for Hooking (Minor) at 13:11
2nd period
2. Marlies , Nick Ritchie 11 (Nicholas Baptiste 9, Pavel Zacha 8) at 5:00
3. Marlies , Linden Vey 4 (Nick Ritchie 9, Colton Sissons 5) at 5:22 (PP)
4. Marlies , Brett Pesce 1 (Colton Sissons 6) at 6:18
5. Little Stars , Sebastian Wannstrom 5 (Adam Tambellini 5, Henrik Borgstrom 9) at 8:16
6. Little Stars , Roman Horak 3 (Reece Willcox 6) at 14:39
Penalties :
Daniel O'regan (Tex) for Hooking (Minor) at 5:03
3rd period
7. Marlies , Colton Sissons 2 (Mathieu Olivier 2, Lucas Carlsson 4) at 18:18
8. Marlies , Haydn Fleury 1 (Nick Ritchie 10, Colton Sissons 7) at 19:13 (SH) (Empty Net)
Penalties :
Henrik Borgstrom (Tex) for Hooking (Minor) at 0:34, Tyler Benson (Tor) for Holding (Minor) at 19:00
Goalie Stats
Dustin Tokarski (Tex), 31 saves from 35 shots - (0.886), L, 3-3-0, 59:34 minutes
Charlie Lindgren (Tor), 22 saves from 25 shots - (0.880), W, 4-2-1, 60:00 minutes
Players Stats for Little Stars
Player Name G A P +/- PIM S H SB GA TA FO MP PP MP PK MP
------------------------------------------------------------------------------------
Adam Tambellini 0 1 1 -1 0 4 0 1 1 1 0/1 17:18 1:21 1:33
Anton Cederholm 0 0 0 -1 0 1 1 1 0 0 0/0 27:53 1:59 2:39
Daniel O'regan 0 1 1 1 2 2 1 2 1 0 22/36 22:21 1:37 2:31
Eric Knodel 0 0 0 0 2 0 0 0 2 2 0/0 25:09 0:59 0:45
Henrik Borgstrom 0 1 1 -1 2 0 1 1 0 0 8/17 16:20 1:21 0:36
Ilya Mikheyev 1 0 1 1 0 3 2 0 0 0 1/3 19:51 1:37 0:00
Jason Dickinson 0 0 0 -2 0 1 3 1 1 0 5/10 13:18 0:00 1:10
Joakim Nygard 0 0 0 -2 0 0 1 0 2 0 0/0 12:07 0:00 0:00
Jordan LaVallee 0 1 1 1 0 3 1 0 0 1 0/1 22:36 1:37 2:44
Matt Luff 0 0 0 1 0 0 0 0 1 0 0/0 7:59 0:00 0:00
Michael Mersch 0 0 0 1 0 3 1 0 0 0 0/0 7:59 0:00 0:00
Reece Willcox 0 1 1 0 0 1 0 2 0 4 0/0 19:49 0:59 1:38
Roman Horak 1 0 1 1 0 2 1 0 0 0 1/1 7:59 0:00 0:00
Sebastian Wannstrom 1 0 1 -1 0 3 2 0 1 2 0/0 15:45 1:21 0:00
Tucker Poolman 0 0 0 0 0 0 0 2 0 0 0/0 17:55 0:00 0:53
Tyler Wotherspoon 0 0 0 -1 0 0 0 1 1 0 0/0 16:56 1:59 2:39
Ville Pokka 0 0 0 0 0 0 1 0 0 0 0/0 12:18 0:00 0:00
Zach Budish 0 0 0 -2 0 2 0 0 2 0 0/0 12:07 0:00 0:00
Players Stats for Marlies
Player Name G A P +/- PIM S H SB GA TA FO MP PP MP PK MP
------------------------------------------------------------------------------------
Aleksi Saarela 0 0 0 0 0 1 1 0 1 0 2/3 8:55 0:00 0:26
Brett Pesce 1 0 1 2 0 2 0 0 1 2 0/0 19:57 2:49 1:16
Colton Sissons 1 3 4 3 0 5 1 0 0 2 11/17 16:33 2:33 1:51
Haydn Fleury 1 0 1 -1 0 3 1 3 1 2 0/0 26:37 1:28 1:42
Jeff Corbett 0 0 0 0 0 1 0 1 0 0 0/0 13:26 0:00 0:00
Johan Larsson 0 0 0 0 0 1 1 0 0 1 0/0 8:50 0:00 0:22
JT Compher 0 0 0 -1 0 2 3 0 1 1 1/2 17:21 1:44 0:41
Linden Vey 1 0 1 -1 0 6 2 0 1 0 0/0 17:18 2:33 0:00
Logan Brown 0 0 0 -1 0 2 2 0 0 0 5/12 14:45 0:00 0:00
Lucas Carlsson 0 1 1 0 0 0 0 1 0 1 0/0 13:26 0:00 0:00
Mathieu Olivier 0 1 1 2 2 1 2 0 0 0 0/0 12:09 0:00 0:00
Neal Pionk 0 0 0 -2 0 3 1 1 2 0 0/0 25:10 2:49 1:16
Nicholas Baptiste 0 1 1 -1 0 2 6 1 1 0 1/2 19:15 1:44 0:00
Nick Ritchie 1 2 3 0 0 4 3 1 1 1 2/2 21:40 2:33 1:55
Pavel Zacha 0 1 1 -1 0 1 1 1 0 0 10/31 19:47 1:44 0:41
Tim Erixon 0 0 0 3 0 2 0 0 1 2 0/0 21:24 1:28 1:42
Tobias Lindberg 0 0 0 0 0 0 2 0 0 0 0/0 8:19 0:00 0:00
Tyler Benson 0 0 0 2 2 0 2 0 0 0 0/0 12:08 0:00 0:00
3 Stars
1 - Colton Sissons (Tor)
2 - Nick Ritchie (Tor)
3 - Brett Pesce (Tor)
Power Play
Little Stars - 0 on 2 Attempt(s) - 0.00%
Marlies - 1 on 3 Attempt(s) - 33.33%
Penalty Kill
Little Stars - 2 on 3 Attempt(s) - 66.67%
- Score 0 goal in Penalty Kill
Marlies - 2 on 2 Attempt(s) - 100.00%
- Score 1 goal in Penalty Kill
Team Stat
Little Stars - Hits : 15 - Faceoff Wins : 37 - Blocked Shots : 11 - Penalty Minutes : 6
Marlies - Hits : 28 - Faceoff Wins : 32 - Blocked Shots : 9 - Penalty Minutes : 4
Official
Referees : Garrett Rank and Ghislain Hebert
Linesman : Derek Nansen and Kory Nagy
Game Notes
Haydn Fleury has scored in a empty net!
Finance
Level 1 -- Attendance: 2000 (100.00%) -- Ticket Income $70,000
Level 2 -- Attendance: 959 (95.90%) -- Ticket Income $14,385
Total Attendance: 2959 (98.63%)
Total Ticket Income: $84,385
Other Income: $4,219
Total Income: $88,604
Little Stars
5 vs 5 Forward
Center Left Wing Right Wing Time % Phy DF OF
1 Daniel O'regan Jordan LaVallee Ilya Mikheyev 40 1 2 2
2 Henrik Borgstrom Adam Tambellini Sebastian Wannstrom 30 1 2 2
3 Jason Dickinson Joakim Nygard Zach Budish 20 1 2 2
4 Roman Horak Michael Mersch Matt Luff 10 1 2 2
5 vs 5 Defense
Defense Defense Time % Phy DF OF
1 Anton Cederholm Eric Knodel 40 1 2 2
2 Reece Willcox Tucker Poolman 30 1 2 2
3 Ville Pokka Tyler Wotherspoon 20 1 2 2
4 Anton Cederholm Eric Knodel 10 1 2 2
PowerPlay Forward
Center Left Wing Right Wing Time % Phy DF OF
1 Daniel O'regan Jordan LaVallee Ilya Mikheyev 60 1 2 2
2 Henrik Borgstrom Adam Tambellini Sebastian Wannstrom 40 1 2 2
PowerPlay Defense
Defense Defense Time % Phy DF OF
1 Anton Cederholm Tyler Wotherspoon 60 1 2 2
2 Reece Willcox Eric Knodel 40 1 2 2
Penalty Kill 4 Players Forward
Center Wing Time % Phy DF OF
1 Daniel O'regan Jordan LaVallee 60 1 2 2
2 Henrik Borgstrom Adam Tambellini 40 1 2 2
Penalty Kill 4 Players Defense
Defense Defense Time % Phy DF OF
1 Anton Cederholm Tyler Wotherspoon 60 1 2 2
2 Reece Willcox Eric Knodel 40 1 2 2
Penalty Kill - 3 Players Forward
Forward Time % Phy DF OF
1 Daniel O'regan 60 1 2 2
2 Henrik Borgstrom 40 1 2 2
Penalty Kill - 3 Players Defense
Defense Defense Time % Phy DF OF
1 Anton Cederholm Tyler Wotherspoon 60 1 2 2
2 Reece Willcox Eric Knodel 40 1 2 2
4 vs 4 Forward
Center Wing Time % Phy DF OF
1 Daniel O'regan Jordan LaVallee 60 1 2 2
2 Henrik Borgstrom Adam Tambellini 40 1 2 2
4 vs 4 Defense
Defense Defense Time % Phy DF OF
1 Anton Cederholm Tyler Wotherspoon 60 1 2 2
2 Reece Willcox Eric Knodel 40 1 2 2
Last Minutes Offensive
Center Left Wing Right Wing Defense Defense
Daniel O'regan Jordan LaVallee Ilya Mikheyev Anton Cederholm Tyler Wotherspoon
Last Minutes Defensive
Center Left Wing Right Wing Defense Defense
Daniel O'regan Jordan LaVallee Ilya Mikheyev Anton Cederholm Tyler Wotherspoon
Goaltenders
Starting : Dustin Tokarski
Backup : Connor Knapp
Extra Forwards
Normal : Daniel O'regan, Sebastian Wannstrom, Zach Budish - PP : Daniel O'regan, Sebastian Wannstrom - PK : Daniel O'regan
Extra Defensemen
Normal : Tucker Poolman, Ville Pokka, Tyler Wotherspoon - PP : Tucker Poolman - PK : Tucker Poolman, Ville Pokka
Penalty Shots
Jordan LaVallee, Ilya Mikheyev, Adam Tambellini, Joakim Nygard, Daniel O'regan
Scratches
Daniil Tarasov (Healthy), Emile Poirier (Healthy), Jean-Christophe Beaudin (Healthy), Justin Auger (Healthy), Lawrence Pilut (Healthy)
Radel Fazleev (Healthy), Rudolfs Balcers (Healthy), Shane Gersich (Healthy), Yakov Trenin (Healthy), Frederic Allard (Healthy)
Joey Anderson (Healthy), Jonathan Dahlen (Healthy), Givani Smith (Healthy)
Marlies
5 vs 5 Forward
Center Left Wing Right Wing Time % Phy DF OF
1 Pavel Zacha Nick Ritchie Nicholas Baptiste 40 1 2 2
2 Logan Brown JT Compher Linden Vey 30 1 2 2
3 Colton Sissons Tyler Benson Mathieu Olivier 20 1 2 2
4 Aleksi Saarela Johan Larsson Tobias Lindberg 10 1 2 2
5 vs 5 Defense
Defense Defense Time % Phy DF OF
1 Haydn Fleury Neal Pionk 40 1 2 2
2 Tim Erixon Brett Pesce 30 1 2 2
3 Jeff Corbett Lucas Carlsson 20 1 2 2
4 Haydn Fleury Tim Erixon 10 1 2 2
PowerPlay Forward
Center Left Wing Right Wing Time % Phy DF OF
1 Colton Sissons Nick Ritchie Linden Vey 60 1 2 2
2 Pavel Zacha JT Compher Nicholas Baptiste 40 1 2 2
PowerPlay Defense
Defense Defense Time % Phy DF OF
1 Neal Pionk Brett Pesce 60 1 2 2
2 Haydn Fleury Tim Erixon 40 1 2 2
Penalty Kill 4 Players Forward
Center Wing Time % Phy DF OF
1 Colton Sissons Nick Ritchie 60 1 2 2
2 Pavel Zacha JT Compher 40 1 2 2
Penalty Kill 4 Players Defense
Defense Defense Time % Phy DF OF
1 Haydn Fleury Tim Erixon 60 1 2 2
2 Neal Pionk Brett Pesce 40 1 2 2
Penalty Kill - 3 Players Forward
Forward Time % Phy DF OF
1 Colton Sissons 60 1 2 2
2 Pavel Zacha 40 1 2 2
Penalty Kill - 3 Players Defense
Defense Defense Time % Phy DF OF
1 Haydn Fleury Tim Erixon 60 1 2 2
2 Neal Pionk Brett Pesce 40 1 2 2
4 vs 4 Forward
Center Wing Time % Phy DF OF
1 Colton Sissons Nick Ritchie 60 1 2 2
2 Pavel Zacha JT Compher 40 1 2 2
4 vs 4 Defense
Defense Defense Time % Phy DF OF
1 Haydn Fleury Tim Erixon 60 1 2 2
2 Neal Pionk Brett Pesce 40 1 2 2
Last Minutes Offensive
Center Left Wing Right Wing Defense Defense
Colton Sissons Nick Ritchie Linden Vey Haydn Fleury Neal Pionk
Last Minutes Defensive
Center Left Wing Right Wing Defense Defense
Colton Sissons Nick Ritchie Linden Vey Haydn Fleury Tim Erixon
Goaltenders
Starting : Charlie Lindgren
Backup : Malcolm Subban
Extra Forwards
Normal : Colton Sissons, Pavel Zacha, Nicholas Baptiste - PP : Colton Sissons, Pavel Zacha - PK : Colton Sissons
Extra Defensemen
Normal : Brett Pesce, Haydn Fleury, Lucas Carlsson - PP : Jeff Corbett - PK : Haydn Fleury, Jeff Corbett
Penalty Shots
Colton Sissons, Aleksi Saarela, JT Compher, Linden Vey, Pavel Zacha
Scratches
Brycen Martin (Healthy), Dennis Gilbert (Healthy), Henri Ikonen (Healthy), Jaden Lindo (Healthy), Jakob Forsbacka-Karlsson (Healthy)
Radovan Bondra (Healthy), Shane Prince (Healthy), Simon Bourque (Healthy), Zack MacEwen (Healthy), Otto Koivula (Healthy)
Jamie Phillips (Healthy)
% Time on Ice - Little Stars
Lines # - Real PCT - Wanted PCT - Time Play
Normal Forward
1 - 35% - 40% - 18:15
2 - 27% - 30% - 14:24
3 - 23% - 20% - 12:07
4 - 15% - 10% - 7:59
Normal Defense
1 - 39% - 40% - 20:41
2 - 33% - 30% - 17:12
3 - 23% - 20% - 12:18
4 - 5% - 10% - 2:34
PP Forward
1 - 54% - 60% - 1:37
2 - 46% - 40% - 1:21
PP Defense
1 - 67% - 60% - 1:59
2 - 33% - 40% - 0:59
PK Forward
1 - 71% - 60% - 3:03
2 - 29% - 40% - 1:14
PK Defense
1 - 62% - 60% - 2:39
2 - 38% - 40% - 1:38
PK3 Forward
1 - 0% - 60%
2 - 0% - 40%
PK3 Defense
1 - 0% - 60%
2 - 0% - 40%
44 Forward
1 - 0% - 60%
2 - 0% - 40%
44 Defense
1 - 0% - 60%
2 - 0% - 40%
Last Minute Offensive - 0:00
Last Minute Defensive - 0:00
Total
Forward - 60:00
Defense - 60:00
|
% Time on Ice - Marlies
Lines # - Real PCT - Wanted PCT - Time Play
Normal Forward
1 - 33% - 40% - 17:12
2 - 29% - 30% - 15:05
3 - 23% - 20% - 12:09
4 - 16% - 10% - 8:19
Normal Defense
1 - 40% - 40% - 21:04
2 - 28% - 30% - 14:55
3 - 25% - 20% - 13:26
4 - 6% - 10% - 3:20
PP Forward
1 - 60% - 60% - 2:33
2 - 40% - 40% - 1:44
PP Defense
1 - 66% - 60% - 2:49
2 - 34% - 40% - 1:28
PK Forward
1 - 77% - 60% - 2:17
2 - 23% - 40% - 0:41
PK Defense
1 - 57% - 60% - 1:42
2 - 43% - 40% - 1:16
PK3 Forward
1 - 0% - 60%
2 - 0% - 40%
PK3 Defense
1 - 0% - 60%
2 - 0% - 40%
44 Forward
1 - 0% - 60%
2 - 0% - 40%
44 Defense
1 - 0% - 60%
2 - 0% - 40%
Last Minute Offensive - 0:00
Last Minute Defensive - 0:00
Total
Forward - 60:00
Defense - 60:00
|
Play-by-Play
1st period
0:01 of 1st period - Pavel Zacha wins face-off versus Daniel O'regan in neutral zone.
0:05 of 1st period - Wrist shot by Nicholas Baptiste.
0:05 of 1st period - Stopped by Dustin Tokarski with a rebound.
0:07 of 1st period - Slapshot by Haydn Fleury.
0:07 of 1st period - Stopped by Dustin Tokarski with a rebound.
0:09 of 1st period - Slapshot by Neal Pionk.
0:09 of 1st period - Stopped by Dustin Tokarski with a rebound.
0:11 of 1st period - Slapshot by Haydn Fleury.
0:11 of 1st period - Deflect By Eric Knodel.
0:11 of 1st period - Stopped by Dustin Tokarski without a rebound.
0:12 of 1st period - Henrik Borgstrom wins face-off versus Logan Brown in Little Stars zone.
0:21 of 1st period - Sebastian Wannstrom is hit by Linden Vey and loses puck.
0:58 of 1st period - Snap shot by Nick Ritchie.
0:58 of 1st period - Stopped by Dustin Tokarski without a rebound.
0:59 of 1st period - Daniel O'regan wins face-off versus Pavel Zacha in Little Stars zone.
1:12 of 1st period - Wrist shot by Jordan LaVallee.
1:12 of 1st period - Shot Blocked by Pavel Zacha.
1:33 of 1st period - Wrist shot by Michael Mersch.
1:33 of 1st period - Stopped by Charlie Lindgren with a rebound.
2:08 of 1st period - Haydn Fleury is hit by Sebastian Wannstrom and loses puck.
2:15 of 1st period - Snap shot by Sebastian Wannstrom.
2:15 of 1st period - Shot Misses the Net.
2:45 of 1st period - Eric Knodel is hit by Nick Ritchie and loses puck.
3:01 of 1st period - Wrist shot by Ilya Mikheyev.
3:01 of 1st period - Goal by Ilya Mikheyev - Little Stars : 1 - Marlies : 0.
3:02 of 1st period - Logan Brown wins face-off versus Henrik Borgstrom in neutral zone.
3:32 of 1st period - Snap shot by Aleksi Saarela.
3:32 of 1st period - Shot Misses the Net.
3:58 of 1st period - Tyler Wotherspoon is hit by Nick Ritchie and loses puck.
4:36 of 1st period - Slapshot by Linden Vey.
4:36 of 1st period - Stopped by Dustin Tokarski without a rebound.
4:37 of 1st period - Logan Brown wins face-off versus Henrik Borgstrom in Little Stars zone.
4:52 of 1st period - Snap shot by Adam Tambellini.
4:52 of 1st period - Deflect By Sebastian Wannstrom.
4:52 of 1st period - Stopped by Charlie Lindgren without a rebound.
4:53 of 1st period - Daniel O'regan wins face-off versus Pavel Zacha in Marlies zone.
4:54 of 1st period - Snap shot by Jordan LaVallee.
4:54 of 1st period - Shot Blocked by Haydn Fleury.
5:25 of 1st period - Slapshot by Linden Vey.
5:25 of 1st period - Stopped by Dustin Tokarski without a rebound.
5:26 of 1st period - Logan Brown wins face-off versus Henrik Borgstrom in Little Stars zone.
5:29 of 1st period - Wrist shot by JT Compher.
5:29 of 1st period - Shot Misses the Net.
5:31 of 1st period - Slapshot by Brett Pesce.
5:31 of 1st period - Shot Blocked by Reece Willcox.
5:48 of 1st period - Icing by Tucker Poolman.
5:49 of 1st period - Colton Sissons wins face-off versus Henrik Borgstrom in Little Stars zone.
6:15 of 1st period - Off-side.
6:16 of 1st period - Colton Sissons wins face-off versus Jordan LaVallee in neutral zone.
6:23 of 1st period - Snap shot by Colton Sissons.
6:23 of 1st period - Stopped by Dustin Tokarski with a rebound.
6:45 of 1st period - Snap shot by Nick Ritchie.
6:45 of 1st period - Shot Misses the Net.
7:29 of 1st period - Wrist shot by Adam Tambellini.
7:29 of 1st period - Stopped by Charlie Lindgren without a rebound.
7:30 of 1st period - Aleksi Saarela wins face-off versus Daniel O'regan in Marlies zone.
7:34 of 1st period - Off-side.
7:35 of 1st period - Daniel O'regan wins face-off versus Pavel Zacha in neutral zone.
7:43 of 1st period - Eric Knodel is hit by Nicholas Baptiste and loses puck.
8:22 of 1st period - Slapshot by Colton Sissons.
8:22 of 1st period - Stopped by Dustin Tokarski with a rebound.
8:49 of 1st period - Off-side.
8:50 of 1st period - Daniel O'regan wins face-off versus Pavel Zacha in neutral zone.
9:02 of 1st period - Minor Penalty to Eric Knodel for Hooking.
9:03 of 1st period - Daniel O'regan wins face-off versus Colton Sissons in Little Stars zone.
9:34 of 1st period - Off-side.
9:35 of 1st period - Henrik Borgstrom wins face-off versus Pavel Zacha in neutral zone.
9:40 of 1st period - Slapshot by Adam Tambellini.
9:40 of 1st period - Stopped by Charlie Lindgren without a rebound.
9:41 of 1st period - Colton Sissons wins face-off versus Henrik Borgstrom in Marlies zone.
11:02 of 1st period - Penalty to Eric Knodel is over, Eric Knodel is back on ice.
11:14 of 1st period - Neal Pionk is hit by Roman Horak and loses puck.
11:39 of 1st period - Neal Pionk is hit by Joakim Nygard and loses puck.
13:05 of 1st period - Wrist shot by Jordan LaVallee.
13:05 of 1st period - Shot Misses the Net.
13:11 of 1st period - Minor Penalty to Mathieu Olivier for Hooking.
13:12 of 1st period - Colton Sissons wins face-off versus Daniel O'regan in Marlies zone.
13:33 of 1st period - Nick Ritchie is hit by Henrik Borgstrom.
15:11 of 1st period - Penalty to Mathieu Olivier is over, Mathieu Olivier is back on ice.
15:20 of 1st period - Off-side.
15:21 of 1st period - Jason Dickinson wins face-off versus Aleksi Saarela in neutral zone.
15:58 of 1st period - Snap shot by Aleksi Saarela.
15:58 of 1st period - Stopped by Dustin Tokarski without a rebound.
15:59 of 1st period - Daniel O'regan wins face-off versus Pavel Zacha in Little Stars zone.
16:24 of 1st period - Adam Tambellini is hit by Linden Vey and loses puck.
17:33 of 1st period - Daniel O'regan is hit by Neal Pionk and loses puck.
17:48 of 1st period - Snap shot by Colton Sissons.
17:48 of 1st period - Stopped by Dustin Tokarski with a rebound.
18:02 of 1st period - Adam Tambellini is hit by Nicholas Baptiste and loses puck.
18:44 of 1st period - Icing by Anton Cederholm.
18:45 of 1st period - Roman Horak wins face-off versus Logan Brown in Little Stars zone.
18:45 of 1st period - Roman Horak is hit by JT Compher.
18:51 of 1st period - Slapshot by Eric Knodel.
18:51 of 1st period - Shot Misses the Net.
19:09 of 1st period - Snap shot by JT Compher.
19:09 of 1st period - Stopped by Dustin Tokarski without a rebound.
19:10 of 1st period - Henrik Borgstrom wins face-off versus Pavel Zacha in Little Stars zone.
19:10 of 1st period - Henrik Borgstrom is hit by Nicholas Baptiste.
19:26 of 1st period - Snap shot by Nick Ritchie.
19:26 of 1st period - Shot Misses the Net.
19:42 of 1st period - Tyler Benson is hit by Daniel O'regan and loses puck.
Goals for this period are 1 for Little Stars vs 0 for Marlies.
Shots for this period are 5 for Little Stars vs 12 for Marlies.
2nd period
0:01 of 2nd period - Pavel Zacha wins face-off versus Daniel O'regan in neutral zone.
0:09 of 2nd period - Haydn Fleury is hit by Ilya Mikheyev and loses puck.
0:26 of 2nd period - Linden Vey is hit by Sebastian Wannstrom and loses puck.
0:59 of 2nd period - Slapshot by Tim Erixon.
0:59 of 2nd period - Stopped by Dustin Tokarski with a rebound.
1:21 of 2nd period - Wrist shot by Roman Horak.
1:21 of 2nd period - Stopped by Charlie Lindgren with a rebound.
1:23 of 2nd period - Wrist shot by Reece Willcox.
1:23 of 2nd period - Deflect By Michael Mersch.
1:23 of 2nd period - Shot Misses the Net.
1:23 of 2nd period - Puck is out of play.
1:24 of 2nd period - Logan Brown wins face-off versus Ilya Mikheyev in Marlies zone.
1:49 of 2nd period - Tucker Poolman is hit by Nicholas Baptiste and loses puck.
1:58 of 2nd period - Snap shot by Adam Tambellini.
1:58 of 2nd period - Stopped by Charlie Lindgren without a rebound.
1:59 of 2nd period - Daniel O'regan wins face-off versus Pavel Zacha in Marlies zone.
2:12 of 2nd period - Slapshot by Neal Pionk.
2:12 of 2nd period - Shot Misses the Net.
2:24 of 2nd period - Neal Pionk is hit by Ville Pokka and loses puck.
2:56 of 2nd period - Wrist shot by Colton Sissons.
2:56 of 2nd period - Shot Misses the Net.
3:07 of 2nd period - Icing by Johan Larsson.
3:08 of 2nd period - Daniel O'regan wins face-off versus Pavel Zacha in Marlies zone.
4:20 of 2nd period - Wrist shot by Pavel Zacha.
4:20 of 2nd period - Stopped by Dustin Tokarski without a rebound.
4:21 of 2nd period - Daniel O'regan wins face-off versus Pavel Zacha in Little Stars zone.
5:00 of 2nd period - Snap shot by Nick Ritchie.
5:00 of 2nd period - Goal by Nick Ritchie - Little Stars : 1 - Marlies : 1.
5:01 of 2nd period - Daniel O'regan wins face-off versus Logan Brown in neutral zone.
5:03 of 2nd period - Minor Penalty to Daniel O'regan for Hooking.
5:04 of 2nd period - Colton Sissons wins face-off versus Jason Dickinson in Little Stars zone.
5:14 of 2nd period - Slapshot by Neal Pionk.
5:14 of 2nd period - Stopped by Dustin Tokarski without a rebound.
5:15 of 2nd period - Colton Sissons wins face-off versus Jason Dickinson in Little Stars zone.
5:22 of 2nd period - Slapshot by Linden Vey.
5:22 of 2nd period - Goal by Linden Vey - Little Stars : 1 - Marlies : 2.
5:23 of 2nd period - Daniel O'regan wins face-off versus Pavel Zacha in neutral zone.
5:38 of 2nd period - Snap shot by Ilya Mikheyev.
5:38 of 2nd period - Stopped by Charlie Lindgren with a rebound.
5:58 of 2nd period - Snap shot by Sebastian Wannstrom.
5:58 of 2nd period - Stopped by Charlie Lindgren with a rebound.
6:10 of 2nd period - Wrist shot by Linden Vey.
6:10 of 2nd period - Stopped by Dustin Tokarski without a rebound.
6:11 of 2nd period - Colton Sissons wins face-off versus Jason Dickinson in Little Stars zone.
6:16 of 2nd period - Snap shot by Colton Sissons.
6:16 of 2nd period - Shot Blocked by Jason Dickinson.
6:18 of 2nd period - Wrist shot by Brett Pesce.
6:18 of 2nd period - Deflect By Jason Dickinson.
6:18 of 2nd period - Goal by Brett Pesce - Little Stars : 1 - Marlies : 3.
6:19 of 2nd period - Nick Ritchie wins face-off versus Daniel O'regan in neutral zone.
6:52 of 2nd period - Wrist shot by Linden Vey.
6:52 of 2nd period - Shot Misses the Net.
6:54 of 2nd period - Wrist shot by Linden Vey.
6:54 of 2nd period - Stopped by Dustin Tokarski with a rebound.
6:56 of 2nd period - Snap shot by Logan Brown.
6:56 of 2nd period - Stopped by Dustin Tokarski with a rebound.
7:16 of 2nd period - Zach Budish is hit by Tyler Benson and loses puck.
7:35 of 2nd period - Wrist shot by Michael Mersch.
7:35 of 2nd period - Shot Misses the Net.
7:37 of 2nd period - Slapshot by Michael Mersch.
7:37 of 2nd period - Stopped by Charlie Lindgren without a rebound.
7:38 of 2nd period - Pavel Zacha wins face-off versus Daniel O'regan in Marlies zone.
8:12 of 2nd period - Wrist shot by Henrik Borgstrom.
8:12 of 2nd period - Deflect By Adam Tambellini.
8:12 of 2nd period - Shot Misses the Net.
8:12 of 2nd period - Puck is out of play.
8:13 of 2nd period - Henrik Borgstrom wins face-off versus Logan Brown in Marlies zone.
8:16 of 2nd period - Wrist shot by Sebastian Wannstrom.
8:16 of 2nd period - Goal by Sebastian Wannstrom - Little Stars : 2 - Marlies : 3.
8:17 of 2nd period - Pavel Zacha wins face-off versus Daniel O'regan in neutral zone.
8:22 of 2nd period - Slapshot by Neal Pionk.
8:22 of 2nd period - Shot Blocked by Daniel O'regan.
8:30 of 2nd period - Snap shot by Nick Ritchie.
8:30 of 2nd period - Shot Misses the Net.
8:32 of 2nd period - Wrist shot by Pavel Zacha.
8:32 of 2nd period - Shot Misses the Net.
8:47 of 2nd period - Snap shot by JT Compher.
8:47 of 2nd period - Stopped by Dustin Tokarski without a rebound.
8:48 of 2nd period - Henrik Borgstrom wins face-off versus Logan Brown in Little Stars zone.
9:22 of 2nd period - Wrist shot by Nick Ritchie.
9:22 of 2nd period - Shot Misses the Net.
9:24 of 2nd period - Snap shot by Tim Erixon.
9:24 of 2nd period - Shot Blocked by Tucker Poolman.
9:38 of 2nd period - Mathieu Olivier is hit by Jason Dickinson and loses puck.
10:01 of 2nd period - Snap shot by Roman Horak.
10:01 of 2nd period - Shot Misses the Net.
10:03 of 2nd period - Slapshot by Reece Willcox.
10:03 of 2nd period - Stopped by Charlie Lindgren without a rebound.
10:04 of 2nd period - Daniel O'regan wins face-off versus Pavel Zacha in Marlies zone.
10:10 of 2nd period - Off-side.
10:11 of 2nd period - Pavel Zacha wins face-off versus Daniel O'regan in neutral zone.
10:18 of 2nd period - Wrist shot by Nick Ritchie.
10:18 of 2nd period - Stopped by Dustin Tokarski without a rebound.
10:19 of 2nd period - Daniel O'regan wins face-off versus Pavel Zacha in Little Stars zone.
10:31 of 2nd period - Slapshot by Nicholas Baptiste.
10:31 of 2nd period - Stopped by Dustin Tokarski without a rebound.
10:32 of 2nd period - Pavel Zacha wins face-off versus Daniel O'regan in Little Stars zone.
10:35 of 2nd period - Snap shot by Nicholas Baptiste.
10:35 of 2nd period - Shot Misses the Net.
10:47 of 2nd period - Backhand shot by Jordan LaVallee.
10:47 of 2nd period - Shot Misses the Net.
11:03 of 2nd period - Reece Willcox is hit by Haydn Fleury and loses puck.
11:42 of 2nd period - Snap shot by Johan Larsson.
11:42 of 2nd period - Stopped by Dustin Tokarski without a rebound.
11:43 of 2nd period - Ilya Mikheyev wins face-off versus Pavel Zacha in Little Stars zone.
12:17 of 2nd period - Snap shot by Linden Vey.
12:17 of 2nd period - Stopped by Dustin Tokarski with a rebound.
12:19 of 2nd period - Wrist shot by Logan Brown.
12:19 of 2nd period - Stopped by Dustin Tokarski with a rebound.
12:51 of 2nd period - Roman Horak is hit by Johan Larsson and loses puck.
14:20 of 2nd period - Jeff Corbett is hit by Jason Dickinson and loses puck.
14:27 of 2nd period - Snap shot by Jason Dickinson.
14:27 of 2nd period - Shot Misses the Net.
14:37 of 2nd period - Snap shot by Roman Horak.
14:37 of 2nd period - Shot Blocked by Lucas Carlsson.
14:39 of 2nd period - Snap shot by Roman Horak.
14:39 of 2nd period - Goal by Roman Horak - Little Stars : 3 - Marlies : 3.
14:40 of 2nd period - Pavel Zacha wins face-off versus Daniel O'regan in neutral zone.
14:45 of 2nd period - Ilya Mikheyev is hit by Pavel Zacha and loses puck.
14:56 of 2nd period - Snap shot by Jordan LaVallee.
14:56 of 2nd period - Stopped by Charlie Lindgren without a rebound.
14:57 of 2nd period - JT Compher wins face-off versus Henrik Borgstrom in Marlies zone.
15:22 of 2nd period - Pavel Zacha is hit by Jason Dickinson and loses puck.
15:32 of 2nd period - Icing by Eric Knodel.
15:33 of 2nd period - Pavel Zacha wins face-off versus Jason Dickinson in Little Stars zone.
16:00 of 2nd period - Snap shot by JT Compher.
16:00 of 2nd period - Shot Misses the Net.
16:18 of 2nd period - Wrist shot by Zach Budish.
16:18 of 2nd period - Stopped by Charlie Lindgren without a rebound.
16:19 of 2nd period - Daniel O'regan wins face-off versus Pavel Zacha in Marlies zone.
17:14 of 2nd period - Ville Pokka is hit by Logan Brown and loses puck.
17:50 of 2nd period - Slapshot by Tim Erixon.
17:50 of 2nd period - Stopped by Dustin Tokarski without a rebound.
17:51 of 2nd period - Aleksi Saarela wins face-off versus Jason Dickinson in Little Stars zone.
19:30 of 2nd period - Snap shot by Linden Vey.
19:30 of 2nd period - Deflect By JT Compher.
19:30 of 2nd period - Shot Misses the Net.
19:30 of 2nd period - Puck is out of play.
19:31 of 2nd period - Jason Dickinson wins face-off versus JT Compher in Little Stars zone.
19:31 of 2nd period - Jason Dickinson is hit by JT Compher.
19:37 of 2nd period - Brett Pesce is hit by Anton Cederholm and loses puck.
Goals for this period are 2 for Little Stars vs 3 for Marlies.
Shots for this period are 10 for Little Stars vs 16 for Marlies.
3rd period
0:01 of 3rd period - Pavel Zacha wins face-off versus Ilya Mikheyev in neutral zone.
0:16 of 3rd period - Wrist shot by Daniel O'regan.
0:16 of 3rd period - Stopped by Charlie Lindgren without a rebound.
0:17 of 3rd period - Henrik Borgstrom wins face-off versus Logan Brown in Marlies zone.
0:34 of 3rd period - Minor Penalty to Henrik Borgstrom for Hooking.
0:35 of 3rd period - Daniel O'regan wins face-off versus Colton Sissons in Little Stars zone.
0:49 of 3rd period - Wrist shot by Colton Sissons.
0:49 of 3rd period - Shot Blocked by Daniel O'regan.
0:51 of 3rd period - Slapshot by Brett Pesce.
0:51 of 3rd period - Deflect By Jordan LaVallee.
0:51 of 3rd period - Stopped by Dustin Tokarski without a rebound.
0:52 of 3rd period - Daniel O'regan wins face-off versus Pavel Zacha in Little Stars zone.
2:34 of 3rd period - Penalty to Henrik Borgstrom is over, Henrik Borgstrom is back on ice.
3:05 of 3rd period - Tucker Poolman is hit by Mathieu Olivier and loses puck.
4:23 of 3rd period - Sebastian Wannstrom is hit by Aleksi Saarela and loses puck.
4:43 of 3rd period - Off-side.
4:44 of 3rd period - Jason Dickinson wins face-off versus Pavel Zacha in neutral zone.
4:52 of 3rd period - Icing by Lucas Carlsson.
4:53 of 3rd period - Daniel O'regan wins face-off versus Pavel Zacha in Marlies zone.
4:54 of 3rd period - Snap shot by Jordan LaVallee.
4:54 of 3rd period - Shot Blocked by Nicholas Baptiste.
5:15 of 3rd period - Off-side.
5:16 of 3rd period - Henrik Borgstrom wins face-off versus Logan Brown in neutral zone.
5:19 of 3rd period - Slapshot by Anton Cederholm.
5:19 of 3rd period - Deflect By JT Compher.
5:19 of 3rd period - Stopped by Charlie Lindgren with a rebound.
5:43 of 3rd period - Mathieu Olivier is hit by Ilya Mikheyev and loses puck.
5:57 of 3rd period - Icing by Eric Knodel.
5:58 of 3rd period - Jason Dickinson wins face-off versus Nicholas Baptiste in Little Stars zone.
5:58 of 3rd period - Jason Dickinson is hit by Nicholas Baptiste.
6:28 of 3rd period - Snap shot by Daniel O'regan.
6:28 of 3rd period - Stopped by Charlie Lindgren without a rebound.
6:29 of 3rd period - Logan Brown wins face-off versus Daniel O'regan in Marlies zone.
6:46 of 3rd period - Snap shot by JT Compher.
6:46 of 3rd period - Shot Misses the Net.
7:24 of 3rd period - Daniel O'regan is hit by Logan Brown and loses puck.
7:52 of 3rd period - Off-side.
7:53 of 3rd period - Pavel Zacha wins face-off versus Adam Tambellini in neutral zone.
8:50 of 3rd period - Tobias Lindberg is hit by Michael Mersch and loses puck.
9:00 of 3rd period - Off-side.
9:01 of 3rd period - Henrik Borgstrom wins face-off versus Pavel Zacha in neutral zone.
9:48 of 3rd period - Slapshot by Michael Mersch.
9:48 of 3rd period - Shot Blocked by Jeff Corbett.
10:01 of 3rd period - Snap shot by Aleksi Saarela.
10:01 of 3rd period - Shot Blocked by Tucker Poolman.
10:19 of 3rd period - Snap shot by Ilya Mikheyev.
10:19 of 3rd period - Shot Blocked by Neal Pionk.
10:49 of 3rd period - Zach Budish is hit by Mathieu Olivier and loses puck.
10:58 of 3rd period - Wrist shot by Tyler Wotherspoon.
10:58 of 3rd period - Shot Misses the Net.
11:26 of 3rd period - Eric Knodel is hit by Tobias Lindberg and loses puck.
11:33 of 3rd period - Snap shot by Michael Mersch.
11:33 of 3rd period - Shot Misses the Net.
11:35 of 3rd period - Slapshot by Matt Luff.
11:35 of 3rd period - Shot Blocked by Haydn Fleury.
11:37 of 3rd period - Slapshot by Eric Knodel.
11:37 of 3rd period - Shot Blocked by Haydn Fleury.
11:49 of 3rd period - Snap shot by Michael Mersch.
11:49 of 3rd period - Stopped by Charlie Lindgren without a rebound.
11:50 of 3rd period - Nicholas Baptiste wins face-off versus Daniel O'regan in Marlies zone.
11:50 of 3rd period - Nicholas Baptiste is hit by Jordan LaVallee.
12:17 of 3rd period - Adam Tambellini is hit by JT Compher and loses puck.
12:42 of 3rd period - Slapshot by Tucker Poolman.
12:42 of 3rd period - Shot Misses the Net.
14:06 of 3rd period - Joakim Nygard is hit by Tobias Lindberg and loses puck.
14:15 of 3rd period - Snap shot by Zach Budish.
14:15 of 3rd period - Stopped by Charlie Lindgren without a rebound.
14:16 of 3rd period - Daniel O'regan wins face-off versus Pavel Zacha in Marlies zone.
14:27 of 3rd period - Eric Knodel is hit by Nick Ritchie and loses puck.
14:44 of 3rd period - Snap shot by Linden Vey.
14:44 of 3rd period - Shot Misses the Net.
14:46 of 3rd period - Snap shot by JT Compher.
14:46 of 3rd period - Shot Blocked by Henrik Borgstrom.
14:48 of 3rd period - Wrist shot by Logan Brown.
14:48 of 3rd period - Shot Misses the Net.
14:50 of 3rd period - Snap shot by Linden Vey.
14:50 of 3rd period - Shot Misses the Net.
14:52 of 3rd period - Snap shot by Haydn Fleury.
14:52 of 3rd period - Shot Blocked by Adam Tambellini.
15:38 of 3rd period - Slapshot by Neal Pionk.
15:38 of 3rd period - Stopped by Dustin Tokarski with a rebound.
15:50 of 3rd period - Snap shot by Adam Tambellini.
15:50 of 3rd period - Stopped by Charlie Lindgren without a rebound.
15:51 of 3rd period - Daniel O'regan wins face-off versus Pavel Zacha in Marlies zone.
16:10 of 3rd period - Reece Willcox is hit by Nicholas Baptiste and loses puck.
16:15 of 3rd period - Wrist shot by Pavel Zacha.
16:15 of 3rd period - Shot Blocked by Reece Willcox.
16:17 of 3rd period - Slapshot by Jeff Corbett.
16:17 of 3rd period - Stopped by Dustin Tokarski with a rebound.
16:21 of 3rd period - Backhand shot by Nick Ritchie.
16:21 of 3rd period - Stopped by Dustin Tokarski without a rebound.
16:22 of 3rd period - Jason Dickinson wins face-off versus Colton Sissons in Little Stars zone.
16:22 of 3rd period - Jason Dickinson is hit by Tyler Benson.
16:30 of 3rd period - Backhand shot by Jason Dickinson.
16:30 of 3rd period - Stopped by Charlie Lindgren with a rebound.
17:57 of 3rd period - Wrist shot by Colton Sissons.
17:57 of 3rd period - Stopped by Dustin Tokarski without a rebound.
17:58 of 3rd period - Colton Sissons wins face-off versus Henrik Borgstrom in Little Stars zone.
18:14 of 3rd period - Wrist shot by Mathieu Olivier.
18:14 of 3rd period - Shot Blocked by Tyler Wotherspoon.
18:16 of 3rd period - Slapshot by Lucas Carlsson.
18:16 of 3rd period - Deflect By Mathieu Olivier.
18:16 of 3rd period - Stopped by Dustin Tokarski with a rebound.
18:18 of 3rd period - Snap shot by Colton Sissons.
18:18 of 3rd period - Goal by Colton Sissons - Little Stars : 3 - Marlies : 4.
18:19 of 3rd period - Daniel O'regan wins face-off versus Colton Sissons in neutral zone.
18:24 of 3rd period - Snap shot by Jordan LaVallee.
18:24 of 3rd period - Stopped by Charlie Lindgren without a rebound.
18:25 of 3rd period - Daniel O'regan wins face-off versus Colton Sissons in Marlies zone.
18:26 of 3rd period - Wrist shot by Jordan LaVallee.
18:26 of 3rd period - Stopped by Charlie Lindgren without a rebound.
18:27 of 3rd period - Colton Sissons wins face-off versus Daniel O'regan in Marlies zone.
18:34 of 3rd period - Daniel O'regan is hit by Colton Sissons and loses puck.
18:47 of 3rd period - Little Stars, Dustin Tokarski is pulled from the net.
18:51 of 3rd period - Wrist shot by Jordan LaVallee.
18:51 of 3rd period - Shot Misses the Net.
19:00 of 3rd period - Minor Penalty to Tyler Benson for Holding.
19:01 of 3rd period - Nick Ritchie wins face-off versus Henrik Borgstrom in Marlies zone.
19:09 of 3rd period - Wrist shot by Nick Ritchie.
19:09 of 3rd period - Shot Misses the Net.
19:11 of 3rd period - Snap shot by Haydn Fleury.
19:11 of 3rd period - Shot Blocked by Anton Cederholm.
19:13 of 3rd period - Slapshot by Haydn Fleury.
19:13 of 3rd period - Goal by Haydn Fleury - Little Stars : 3 - Marlies : 5.
19:13 of 3rd period - Dustin Tokarski from Little Stars was sent back in the game.
19:14 of 3rd period - Daniel O'regan wins face-off versus Colton Sissons in neutral zone.
19:17 of 3rd period - Snap shot by Ilya Mikheyev.
19:17 of 3rd period - Shot Misses the Net.
19:19 of 3rd period - Snap shot by Ilya Mikheyev.
19:19 of 3rd period - Stopped by Charlie Lindgren without a rebound.
19:20 of 3rd period - Colton Sissons wins face-off versus Daniel O'regan in Marlies zone.
19:47 of 3rd period - Wrist shot by Daniel O'regan.
19:47 of 3rd period - Deflect By Jordan LaVallee.
19:47 of 3rd period - Shot Blocked by Nick Ritchie.
19:47 of 3rd period - Puck is out of play.
19:48 of 3rd period - Colton Sissons wins face-off versus Henrik Borgstrom in Marlies zone.
Goals for this period are 0 for Little Stars vs 2 for Marlies.
Shots for this period are 10 for Little Stars vs 8 for Marlies.
Output by the SimonT Hockey Simulator (STHS) for Francois Prevost